 Dungeon Crawl Stone Soup version 0.24-a0-501-gc560d0b (webtiles) character file.

Game seed: 17816789338433640827

16 sl00ts the Shooter (level 2, 0/24 HPs)
             Began as a Centaur Hunter on July 16, 2019.
             Slain by a jackal (1 damage)
             ... on level 1 of the Dungeon.
             The game lasted 00:01:06 (269 turns).

sl00ts the Shooter (Centaur Hunter)                  Turns: 269, Time: 00:01:08

Health: 0/24       AC:  4    Str: 14    XL:     2   Next: 41%
Magic:  2/2        EV:  9    Int: 10    God:
Gold:   13         SH:  0    Dex:  9    Spells: 1/1 levels left

rFire    . . .     SeeInvis .   b - +0 short sword
rCold    . . .     Gourm    .   (no shield)
rNeg     . . .     Faith    .   c - +0 leather armour
rPois    .         Spirit   .   (no helmet)
rElec    .         Reflect  .   (no cloak)
rCorr    .         Harm     .   (no gloves)
MR       .....                  (no barding)
Stlth    +.........             (no amulet)
HPRegen  0.08/turn              (no ring)
MPRegen  0.08/turn              (no ring)

@: very quick
A: large, hooves 3, deformed body, speed 2, tough skin 3
a: no special abilities


You were on level 1 of the Dungeon.
You were not hungry.

You visited 1 branch of the dungeon, and saw 1 of its levels.

You collected 13 gold pieces.

Inventory:

Hand Weapons
 a - a +1 shortbow
 b - a +0 short sword (weapon)
Missiles
 d - 9 arrows
Armour
 c - a +0 leather armour (worn)
Scrolls
 g - a scroll of enchant armour {unknown}
Potions
 e - a potion of heal wounds {unknown}
Comestibles
 f - a ration


   Skills:
 - Level 2.0 Fighting
 * Level 6.2 Bows
 - Level 1.3 Dodging
 - Level 0.4 Stealth


You had one spell level left.
You didn't know any spells.
Your spell library was empty.

Dungeon Overview and Level Annotations

Branches:
Dungeon (1/15)

Altars:


Innate Abilities, Weirdness & Mutations

You have hooves in place of feet.
Armour fits poorly on your strangely shaped body.
You cover ground very quickly.
You have extremely tough skin. (AC +3)


Message History

The jackal bites you but does no damage.
The jackal bites you.
You barely miss the jackal.
The jackal is moderately wounded.
The jackal barely misses you. x2
The jackal bites you but does no damage.
You hit the jackal but do no damage. Your kick misses the jackal.
The jackal is moderately wounded.
The jackal barely misses you. The jackal bites you.
* * * LOW HITPOINT WARNING * * *
The jackal bites you.
* * * LOW HITPOINT WARNING * * *
You barely miss the jackal.
The jackal is moderately wounded.
The jackal bites you.
* * * LOW HITPOINT WARNING * * *
The jackal bites you.
* * * LOW HITPOINT WARNING * * *
The jackal bites you.
You die...

############.........##+# ###....
#..........#.............#.......
#..........#........(....#......
#................##......#.$..^
#................# ##.#>.+...#
########.........# ...##...+
#.........#########†..#
#........h#...........#
#........@h....(....((#
#.........#.......$(......
#########.#####+###....... #.#
#....... #.# #....... #.#
.(...... #.. #######. ##. . .


You could see 2 jackals.

Vanquished Creatures
  An ooze (D:1)
  A ball python (D:1)
  A giant cockroach (D:1)
  2 goblins (D:1)
  2 hobgoblins (D:1)
  A jackal (D:1)
  2 bats (D:1)
  A kobold (D:1)
11 creatures vanquished.

Notes
Turn   | Place    | Note
-------+----------+-------------------------------------------
     0 | D:1      | sl00ts the Centaur Hunter began the quest for the Orb.
     0 | D:1      | Reached XP level 1. HP: 17/17 MP: 1/1
    41 | D:1      | Reached skill level 6 in Bows
    41 | D:1      | Reached XP level 2. HP: 13/24 MP: 2/2
   269 | D:1      | HP: 1/24 [jackal (1)]
   269 | D:1      | Slain by a jackal

Levels and vault maps discovered:
D:1:      wander_arrival_fairy_ring, layout_basic,
          hangedman_decor_clover_reticule, chequers_garden

Skill      XL: |  1 |
---------------+----+-----
Bows           | 6 |  6.2
Fighting       | |  2.0
Dodging        | |  1.3
Stealth        | |  0.4

Action                   || total
-------------------------++-------
Melee: Short sword       ||    31
       Kick              ||     4
 Fire: Shortbow          ||    22
Armor: Leather armour    ||    35
Dodge: Dodged            ||    24

Table legend:
 A = Non-vault XP
 B = Vault XP
 C = Vault XP percentage of total XP
 D = Non-vault monster count
 E = Vault monster count
 F = Vault count percentage of total count
                 A         B        C        D         E       F
            +---------+---------+-------+---------+---------+-------
      Total |      24 |       0 |   0.0 |      11 |       0 |   0.0
            +---------+---------+-------+---------+---------+-------
        D:1 |      24 |       0 |   0.0 |      11 |       0 |   0.0
            +---------+---------+-------+---------+---------+-------
